Map: 글리터링 애쉬즈 - 래더

Players

인공지능 칸 (정예)

  • Race: Zerg Zerg

llllllllllll - Winner!

  • Race: Terran Terran

VOD

Have the link to the VOD?

Description

Time

  • Played on: Dec. 3, 2021, 11:07 a.m.
  • Length: 9:35
Show
View Real Time Build Order
Export as new Build Order

인공지능 칸 (정예) Zerg 

Build Orders: Pool First 

Get SALT Encoding   

  12  0:00  Drone  
  13  0:12  Overlord  
  13  0:16  Drone  
  14  0:30  Drone  
  14  0:31  Drone  
  14  0:34  Drone  
  17  0:47  Spawning Pool  
  17  0:48  Drone  
  17  1:09  Hatchery  
  16  1:13  Drone  
  16  1:16  Extractor  
  16  1:19  Extractor, Drone  
  16  1:24  Drone  
  17  1:28  Drone  
  18  1:38  Drone  
  19  1:49  Overlord  
  19  1:55  Queen  
  19  2:00  Zergling x2  
  22  2:10  Drone  
  23  2:21  Queen  
  25  2:27  Drone  
  25  2:33  Drone  
  26  2:37  Drone  
  26  2:42  Drone  
  28  2:46  Drone  
  29  2:59  Roach Warren  
  29  3:01  Drone  
  29  3:04  Drone  
  30  3:08  Zergling x2  
  30  3:11  Zergling x2  
  32  3:17  Overlord  
  32  3:20  Drone  
  32  3:23  Drone  
  34  3:39  Roach x2  
  38  3:41  Roach  
  38  3:42  Roach  
  38  3:47  Lair  
  42  3:51  Overlord  
  42  3:56  Overlord  
  42  3:59  Zergling x2  
  42  4:01  Zergling x2  
  44  4:09  Drone x2, Zergling x2  
  47  4:11  Drone  
  47  4:13  Drone  
  47  4:16  Drone  
  50  4:20  Overlord  
  50  4:24  Roach  
  50  4:29  Roach  
  54  4:32  Roach  
  54  4:35  Roach  
  58  4:39  Overlord  
  58  4:45  Drone  
  59  4:47  Drone  
  59  4:49  Hydralisk Den, Drone  
  59  4:52  Roach  
  62  4:56  Roach  
  62  4:59  Overlord  
  64  5:06  Drone  
  65  5:08  Drone  
  65  5:09  Drone  
  65  5:11  Drone  
  65  5:13  Drone  
  69  5:15  Drone  
  69  5:17  Drone, Hydralisk  
  68  5:22  Zergling x4  
  68  5:24  Hydralisk  
  68  5:26  Drone  
  62  5:29  Roach  
  62  5:33  Roach  
  62  5:34  Roach  
  62  5:36  Roach  
  62  5:38  Drone  
  62  5:41  Roach  
  65  5:45  Roach  
  65  5:51  Drone  
  65  5:52  Infestation Pit  
  65  5:53  Drone, Zergling x2  
  65  5:55  Zergling x2  
  65  5:57  Drone  
  65  6:03  Hydralisk  
  67  6:06  Roach, Drone x2  
  67  6:08  Roach  
  73  6:14  Overlord  
  73  6:18  Roach  
  75  6:20  Roach  
  77  6:26  Evolution Chamber, Ravager  
  77  6:28  Roach, Infestor  
  81  6:34  Hatchery  
  81  6:38  Drone  
  81  6:41  Infestor  
  81  6:44  Overlord  
  83  6:47  Evolution Chamber  
  83  6:53  Zerg Missile Weapons Level 1  
  82  6:54  Extractor  
  82  6:55  Drone  
  82  6:56  Baneling Nest  
  82  6:57  Drone  
  82  7:03  Extractor, Drone  
  82  7:06  Zergling x2  
  83  7:09  Drone  
  83  7:10  Overseer  
  83  7:12  Drone x2  
  83  7:13  Zerg Ground Armor Level 1, Drone  
  83  7:15  Roach  
  76  7:16  Roach  
  76  7:17  Drone  
  76  7:18  Drone  
  76  7:21  Zergling x2  
  69  7:36  Hydralisk  
  68  7:40  Baneling, Hydralisk  
  68  7:42  Drone  
  73  7:44  Drone  
  73  7:46  Drone  
  73  7:48  Zergling x2  
  73  7:49  Drone  
  76  7:51  Drone  
  76  7:53  Drone  
  78  7:59  Roach  
  78  8:01  Hatchery  
  78  8:02  Infestor  
  81  8:05  Baneling  
  81  8:09  Zergling x2  
  81  8:10  Ravager x2  
  84  8:13  Baneling, Zergling x4, Roach  
  84  8:15  Roach  
  90  8:20  Overlord  
  90  8:26  Roach  
  84  8:31  Roach  
  64  8:36  Roach  
  63  8:41  Roach  
  63  8:44  Zergling x2, Infestor, Hydralisk  
  63  8:47  Drone  
  66  8:52  Roach  
  62  8:58  Zergling x2  
Show
View Real Time Build Order
Export as new Build Order

llllllllllll Terran - Winner!

Build Orders:  

Get SALT Encoding   

  12  0:00  SCV  
  13  0:12  SCV  
  14  0:17  Supply Depot  
  14  0:25  SCV  
  15  0:38  SCV  
  15  0:40  Barracks  
  16  0:43  Refinery  
  16  0:50  SCV  
  17  1:03  SCV  
  18  1:16  SCV  
  19  1:28  Barracks Reactor  
  19  1:30  Orbital Command  
  19  1:41  Command Center  
  19  1:56  SCV  
  19  1:58  Supply Depot  
  20  2:04  Marine x2  
  20  2:08  SCV  
  23  2:16  Barracks  
  23  2:20  SCV  
  24  2:24  Marine x2  
  26  2:32  SCV  
  27  2:39  Barracks  
  27  2:42  Marine  
  28  2:44  SCV  
  28  2:47  Marine  
  30  2:57  Refinery, Orbital Command  
  30  3:01  Marine  
  31  3:05  Barracks Tech Lab  
  31  3:08  SCV  
  32  3:19  Marine  
  33  3:20  SCV  
  33  3:22  Marine  
  33  3:25  SCV  
  33  3:26  Stimpack, Marine, Barracks Tech Lab  
  37  3:32  SCV  
  38  3:37  SCV  
  39  3:41  Supply Depot  
  39  3:43  Factory  
  39  3:44  SCV  
  39  3:46  Combat Shield  
  40  3:49  SCV  
  40  3:50  Marine  
  40  3:54  Marine  
  43  3:56  SCV, Marine  
  43  3:58  Marine  
  46  4:03  SCV  
  46  4:06  Supply Depot  
  46  4:08  SCV  
  48  4:15  SCV  
  49  4:19  Marine x2  
  49  4:20  SCV, Engineering Bay, Marine  
  53  4:27  SCV  
  53  4:29  Starport, Factory Reactor  
  54  4:32  SCV  
  54  4:37  Marine x2, Supply Depot  
  57  4:39  SCV  
  57  4:44  SCV  
  59  4:46  Marine x2  
  59  4:48  Terran Infantry Weapons Level 1  
  59  4:51  SCV  
  62  4:56  Refinery  
  62  4:57  Refinery  
  62  4:59  SCV, Marine x2  
  65  5:01  Supply Depot  
  65  5:03  SCV  
  66  5:11  Command Center, SCV  
  67  5:15  SCV  
  65  5:23  SCV  
  60  5:30  Marine x4  
  60  5:31  Medivac x2  
  60  5:32  Factory Tech Lab  
  60  5:34  SCV  
  65  5:43  SCV  
  65  5:46  Engineering Bay  
  65  5:48  Marine x2  
  68  5:50  Supply Depot  
  68  5:54  SCV  
  68  5:56  Concussive Shells  
  67  5:59  SCV  
  67  6:04  Marine x2  
  68  6:05  Armory, Siege Tank  
  68  6:06  Marine  
  68  6:07  Marine  
  68  6:11  Medivac x2  
  77  6:12  Barracks  
  77  6:14  Terran Infantry Armor Level 1, Barracks  
  79  6:20  SCV  
  79  6:22  Marine  
  79  6:23  Orbital Command  
  81  6:27  Marine x2  
  81  6:28  Marauder  
  81  6:32  SCV  
  86  6:39  Factory, Siege Tank  
  89  6:40  Orbital Command  
  89  6:44  Marine  
  89  6:45  Marine  
  91  6:49  Marine, Marauder  
  91  6:51  SCV x2  
  91  6:53  Terran Infantry Weapons Level 2  
  96  7:03  Barracks Reactor  
  96  7:04  Barracks Reactor  
  96  7:05  SCV  
  97  7:10  Marine x2  
  97  7:11  Marauder  
  97  7:13  Marine  
  96  7:25  Factory Tech Lab  
  96  7:28  Marine  
  97  7:31  SCV  
  97  7:32  Marauder  
  97  7:35  Marine  
  101  7:39  Supply Depot  
  101  7:45  Medivac, Siege Tank, Marauder  
  105  7:51  SCV  
  105  7:52  Marine x3  
  105  7:53  Supply Depot x2  
  105  7:56  Marine  
  109  8:00  Refinery  
  109  8:01  Refinery, SCV, Marine x2, Marauder  
  114  8:06  Siege Tank  
  114  8:09  Supply Depot x2  
  114  8:11  Supply Depot  
  117  8:14  Marine x4  
  117  8:15  SCV, Marauder  
  124  8:23  Marauder  
  124  8:27  Marine x2, Siege Tank  
  124  8:32  Marine x2  
  130  8:34  Marine x2  
  130  8:36  Marauder  
  130  8:38  Siege Tank  
  130  8:40  SCV  
  136  8:44  Marine x2, Marauder  
  140  8:50  Marine x2  
  140  8:52  Marine x2  
  140  8:54  Medivac x2  
  146  8:58  Marauder  
  146  9:02  Marine x2  
  148  9:05  Marauder  
  151  9:10  Command Center  
  150  9:18  Supply Depot  
  150  9:20  Supply Depot  
Tags
 
Add a new tag
Caveats
  • Supply blocks, unpowered buildings, or Contaminate may cause inaccurate times.
  • Supply counts are checked every 10 seconds.